Unix NetHack Version 5.0.0-0 post-release - last build Jun 10 2026 00:39:30 (3ee93aec679c4c4259841fe613dc97188e26a321,branch:main).

Game began 2026-06-11 09:35:48, ended 2026-06-11 10:36:10.

FutureTim, lawful female human Valkyrie

                                                         0
                      ---------------------------------                -------
                      |...............................|                |.<...|
                      |( -----[ -- ----.-----....----.|                |.....|
                       )  (!(      |..|.|[..|.---|. |.|            ####......|
                          ((( )  ( |..-.-._.|.|..|( |.|            #   |.....|
                          $    ----|---)|...|.|..||--.|           ##   -----+-
                       [       |...-...)|[..|.|..|....|  ##########
                            )( |   |...*|----.-|--..{.|# #
                        -----  -----.-|-|.[-..........|###
                        |!%.-.....).(|..|  |..--|-....-#
                        | !$|... ---[|..|  --.|..||--.|#
                            - -- |.@@|---) $-.|..|..|.|
                                 |(*m|(  !? |.---|..|.|
                 0               |..(|   %  |.   |..|.|
                                 -----      -.   ----.|
                        $         (   )      .       .|
                                            ---     ---

FutureTim the Fighter       St:16 Dx:16 Co:18 In:9 Wi:9 Ch:8  Lawful
Dlvl:7  $:41 HP:0(60) Pw:14(14) AC:1  Xp:6 T:2617 

Latest messages:
 Done.
 What do you want to drink? [j or ?*] j
 This tastes like slime mold juice.
 Call a swirly potion: fruit juice
 This door is locked.
 Unlock it with your key? [ynq] (q) y
 You succeed in unlocking the door.
 The door opens.
 You swap places with your dog.
 You see here a crossbow.
 You see here 13 rocks.
 You see here a crossbow bolt.
 Sirius bites!
 Sirius misses!
 "Velkommen, FutureTim!  Welcome to Nenilukah's hardware store!"
 "Will you please leave your pick-axe outside?"
 There is an open door here.
 You see here a dwarvish cloak.
 You hit Sirius!
 Sirius bites!
 Sirius just misses!
 You hit Sirius!
 Sirius bites!
 Sirius bites!
 You hit Sirius!
 Sirius turns to flee.
 What do you want to drop? [$b-eikn-prwyzD-HJ or ?*] p
 You drop an uncursed pick-axe.
 "Velkommen, FutureTim!  Welcome again to Nenilukah's hardware store!"
 There is an open door here.
 You see here a dwarvish cloak.
 That can of grease is a giant mimic!
 You hit the giant mimic.
 The giant mimic hits!
 The giant mimic hits again!
 You hit the giant mimic.
 You hit the giant mimic.
 The giant mimic misses!
 The giant mimic misses!
 You hit the giant mimic!
 The giant mimic hits!
 The giant mimic hits again!
 You die...
 Nenilukah gratefully inherits all your possessions.
 Do you want to see what you had when you died? [ynq] (y) y
 Do you want to see your attributes? [ynq] (y) y
 Do you want an account of creatures vanquished? [ynaq] (y) y
 Do you want a list of species genocided? [ynq] (y) y
 Do you want to see your conduct and achievements? [ynq] (y) y
 Do you want to see the dungeon overview? [ynq] (y) y

Inventory:
 Coins    ('$')
  $ - 41 gold pieces
 Weapons  (')')
  o - a +0 dagger (alternate weapon; not wielded)
  w - a very corroded +1 spear (weapon in right hand)
  e - a +0 axe
 Armor    ('[')
  r - an uncursed +0 pair of leather gloves (being worn)
  n - an uncursed +0 pair of high boots (being worn)
  E - an uncursed +0 pair of iron shoes
  J - an uncursed +0 pair of iron shoes
  H - an uncursed +0 pair of water walking boots
  c - an uncursed burnt +3 small shield (being worn)
  i - an uncursed +0 cloak of protection (being worn)
 Comestibles  ('%')
  d - an uncursed food ration
 Scrolls  ('?')
  F - a blessed scroll of blank paper
  G - an uncursed scroll of blank paper
 Tools    ('(')
  b - an empty uncursed sack
  D - a cursed can of grease (0:20)
  z - an uncursed lock pick
  k - an uncursed skeleton key
  y - 2 uncursed tallow candles

FutureTim the Valkyrie's attributes:

Background:
 You were a Fighter, a level 6 human Valkyrie.
 You were lawful, on a mission for Tyr
 who was opposed by Odin (neutral) and Loki (chaotic).
 You were right-handed.
 You were in the Gnomish Mines, on level 7.
 You entered the dungeon 2617 turns ago.
 You had 349 experience points, 291 more were needed to attain level 7.

Basics:
 You had 0 out of 60 hit points.
 You had all 14 energy points (spell power).
 Your armor class was 1.
 Your wallet contained 41 zorkmids.
 Autopickup was off.

Final Characteristics:
 Your strength was 16 (limit:18/100).
 Your dexterity was 16 (limit:18).
 Your constitution was 18 (limit:18).
 Your intelligence was 9 (limit:18).
 Your wisdom was 9 (limit:18).
 Your charisma was 8 (limit:18).

Final Status:
 You were held by a giant mimic (south).
 You weren't hungry.
 You were unencumbered.
 You were wielding a spear.
 You were skilled in spear.

Final Attributes:
 You were piously aligned.
 You were cold resistant.
 You saw invisible.
 You were telepathic.
 You were stealthy.
 You were protected.
 You are dead.

Miscellaneous:
 You encountered 1 bones level.
 Total elapsed playing time was 1 hour and 22 seconds.

Major events:
 Turn
    1: FutureTim the lawful human Valkyrie entered the dungeon
  394: performed her first genocide (displacer beasts)
 1037: entered the Gnomish Mines
 1050: attained the rank of Skirmisher (level 3)
 2243: attained the rank of Fighter (level 6)
 2499: reached Mine Town
 2617: killed by a giant mimic

You didn't know any spells.

Skills:
 Fighting Skills
   bare handed combat [Unskilled]
   two weapon combat  [Unskilled]
   riding             [Unskilled]
 Weapon Skills
   dagger             [Basic]
   axe                [Unskilled]
   pick-axe           [Unskilled]
   short sword        [Unskilled]
   broadsword         [Unskilled]
   long sword         [Unskilled]
   two-handed sword   [Unskilled]
   saber              [Unskilled]
   hammer             [Unskilled]
   quarterstaff       [Unskilled]
   polearms           [Unskilled]
   spear              [Skilled]
   trident            [Unskilled]
   lance              [Unskilled]
   sling              [Unskilled]
 Spellcasting Skills
   attack spells      [Unskilled]
   escape spells      [Unskilled]

Voluntary challenges:
 Character rerolling was not enabled.
 You genocided 1 type of monster.
 You never polymorphed an object.
 You never changed form.
 You used no wishes.
Achievements:
 You entered a shop.
 You entered the Gnomish Mines.
 You attained the rank of Skirmisher.
 You attained the rank of Fighter.
 You entered Minetown.
 You entered a temple.

 The Dungeons of Doom: levels 1 to 3
    Level 1:
    Level 2:
       A weapon shop.
    Level 3:
       A tool shop, a fountain.
       Stairs down to The Gnomish Mines.
 The Gnomish Mines: levels 4 to 7
    Level 4:
    Level 5:
    Level 6:
    Level 7: <- You were here.
       A tool shop, a temple and an altar, a fountain.
       Final resting place for
          you, killed by a giant mimic,
          kmoxley-Ran-Hum-Fem-Neu, killed by a white unicorn.


Vanquished creatures:
  a gnome ruler
  5 gnome leaders
  a ghoul
  a paper golem
  4 dwarves
  2 giant bats
 an iguana
  2 acid blobs
  a gas spore
  a hobbit
 26 gnomes
  3 jackals
  a kobold
  a goblin
  3 grid bugs
  3 lichens
  3 newts
59 creatures vanquished.

Genocided species:
 displacer beasts
1 species genocided.

Game over:
                       ----------
                      /          \
                     /    REST    \
                    /      IN      \
                   /     PEACE      \
                  /                  \
                  |    FutureTim     |
                  |       0 Au       |
                  |   killed by a    |
                  |   giant mimic    |
                  |                  |
                  |                  |
                  |       2026       |
                 *|     *  *  *      | *
        _________)/\\_//(\/(/\)/\//\/|_)_______

Farvel FutureTim the Valkyrie...

You died in The Gnomish Mines on dungeon level 7 with 1766 points,
and 0 pieces of gold, after 2617 moves.
You were level 6 with a maximum of 60 hit points when you died.

